 Dungeon Crawl Stone Soup version 0.21.1-1-g345015fe64 (webtiles) character file.

32259 Gargoyl the Schismatic (level 13, -1/110 (111) HPs)
             Began as a Centaur Abyssal Knight on July 10, 2018.
             Was an Elder of Lugonu.
             Slain by a harpy (5 damage)
             ... summoned by Kirke
             ... on level 5 of the Lair of Beasts on July 11, 2018.
             The game lasted 00:43:08 (23423 turns).

Gargoyl the Schismatic (Centaur Abyssal Knight)    Turns: 23423, Time: 00:43:10

HP:   -1/110 (111)  AC:  0    Str: 17    XL:     13   Next: 30%
MP:   21/21         EV: 15    Int: 11    God:    Lugonu [****..]
Gold: 530           SH:  0    Dex: 12    Spells: 12/12 levels left

rFire    . . .     SeeInvis .   (weapon currently unavailable)
rCold    . . .     Gourm    .   (shield currently unavailable)
rNeg     . . .     Faith    .   (armour currently unavailable)
rPois    .         Spirit   .   (helmet currently unavailable)
rElec    .         Reflect  .   (cloak currently unavailable)
rCorr    .         Harm     .   (gloves currently unavailable)
MR       .....                  (no barding)
Stlth    +.........             E - amulet of regeneration
HPRegen  0.00/turn              (ring currently unavailable)
MPRegen  0.17/turn              (ring currently unavailable)

@: pig-form, non-regenerating, diseased, very quick
A: small, wild magic 1
a: Depart the Abyss, Bend Space, Banish, Corrupt, Renounce Religion


You were on level 5 of the Lair of Beasts.
You worshipped Lugonu.
Lugonu was greatly pleased with you.
You were very hungry.
You were a filthy swine.
You visited 2 branches of the dungeon, and saw 15 of its levels.
You visited the Abyss 1 time.

You collected 1180 gold pieces.
You spent 650 gold pieces at shops.

Inventory:

Hand Weapons
 a - a +4 hand axe
 n - a +2 long sword of holy wrath
 o - a +1 hand axe of flaming
 y - a +3 hand axe
 z - a +4 hand axe of freezing (melded)
Missiles
 e - 2 tomahawks of returning (quivered)
Armour
 h - a +0 buckler (melded)
 i - a +1 centaur barding (melded)
 m - a +0 helmet (melded)
 C - a +9 plate armour of ponderousness (melded)
Jewellery
 v - a ring of flight (melded)
 E - an amulet of regeneration (around neck)
Wands
 q - a wand of iceblast (20)
 s - a wand of paralysis (77)
 t - a wand of flame (48)
 A - a wand of random effects (18)
 F - a wand of enslavement (20)
Scrolls
 f - 6 scrolls of identify
 l - 5 scrolls of remove curse
 p - 2 scrolls of amnesia
 r - 4 scrolls of teleportation
 x - 2 scrolls of blinking
 J - a scroll of vulnerability {unknown}
 K - a scroll of silence {unknown}
Potions
 b - 2 potions of brilliance
 d - a potion of cancellation
 g - 2 potions of curing
 j - a potion of haste
 k - 4 potions of flight
 w - a potion of heal wounds
 B - a potion of ambrosia
 D - a potion of might
 H - a potion of mutation
Books
 u - a book of Clouds

   Spells                             Type                      Level
   a - Poisonous Vapours              Poison/Air                   2
   b - Mephitic Cloud                 Conjuration/Poison/Air       3
   c - Conjure Flame                  Conjuration/Fire             3
   d - Freezing Cloud                 Conjuration/Ice/Air          6
   e - Ring of Flames                 Charms/Fire                  7
 I - a book of Geomancy

   Spells                             Type                      Level
   a - Sandblast                      Earth                        1
   b - Passwall                       Transmutation/Earth          2
   c - Stone Arrow                    Conjuration/Earth            3
   d - Petrify                        Transmutation/Earth          4
   e - Lee's Rapid Deconstruction     Earth                        5
Miscellaneous
 G - a box of beasts
Comestibles
 c - 15 rations
 L - 2 chunks of flesh


   Skills:
 + Level 9.1 Fighting
 + Level 11.1 Axes
 + Level 2.8 Throwing
 * Level 10.2 Armour
 + Level 3.0 Dodging
 + Level 3.4 Shields
 * Level 11.2 Invocations
 + Level 0.1 Evocations


You had 12 spell levels left.
You didn't know any spells.

Dungeon Overview and Level Annotations

Branches:
Dungeon (10/15)            Temple (0/1) D:4            Lair (5/6) D:10
  Swamp (0/4) Lair:3       Spider (0/4) Lair:3
  Slime: Lair:5-6       Orc: D:9-12

Altars:
Ashenzari
Dithmenos
Elyvilon
Makhleb
Okawaru
Ru

Shops:
D:7 }   D:10 [

Annotations:
D:8 exclusion: ice statue
Lair:5 exclusion: 2 oklob plants, Kirke


Innate Abilities, Weirdness & Mutations

((You have hooves in place of feet.))
((Armour fits poorly on your strangely shaped body.))
((You cover ground very quickly.))
((You have extremely tough skin. (AC +3)))
((You are partially covered in molten scales. (AC +2)))
((You are partially covered in thin metallic scales. (AC +2)))
Your spells are a little harder to cast, but a little more powerful.


Message History

Your +0 buckler melds into your body.
Your +9 plate armour of ponderousness melds into your body.
Your ring of flight melds into your body.
Your +4 hand axe of freezing stops glowing.
That put a bit of spring back into your step.
The hog misses you.
Unknown command.
The harpy closely misses you. The harpy claws you!
* * * LOW HITPOINT WARNING * * *
The harpy claws you.
* * * LOW HITPOINT WARNING * * *
The harpy claws you.
* * * LOW HITPOINT WARNING * * *
The harpy screeches!
The harpy closely misses you. The harpy claws you!
* * * LOW HITPOINT WARNING * * *
The harpy claws you.
* * * LOW HITPOINT WARNING * * *
The harpy claws you.
You die... #..††..... $P$[P

#####.......... ..
PPPPP####..#...†≈......
.........P#...P...≈≈.†....
.................†≈≈≈.....
..............#...≈≈≈.....
.....#....#...#.†..≈.†....
##..............†H†.......
#.........<.....hH..†.....
#P..............h@†.......
#...#.#.#....###..........
#..#.## ###...#..P..P..P..
....## ##..##.#....P....
...## #P...##[.........
...# #P...............
...## #................
....# ##...............


You could see Kirke, 2 harpies and a hog.

Vanquished Creatures
  Snorg (Lair:5)
  A hydra (Lair:5)
  2 catoblepae
  Erica (D:8)
  2 two-headed ogres (D:8)
  Urug (Lair:2)
  Pikel (D:7)
  The ghost of AAA992 the Cleaver, a novice HOMo (D:6)
  An oklob plant (Lair:4)
  The ghost of SlightEye the Covert, a novice OpAs (D:4)
  Joseph (D:8)
  A black mamba (Lair:4)
  An elephant (Lair:2)
  9 spiny frogs
  3 komodo dragons
  A merfolk (D:9)
  4 polar bears
  A queen bee (Lair:2)
  A hornet (D:9)
  A troll (D:8)
  2 hippogriffs
  A blink frog (Lair:2)
  6 dream sheep (Lair:1)
  Sigmund (D:5)
  3 wyverns
  4 redbacks (Lair:3)
  22 yaks
  A basilisk (Lair:3)
  5 hogs
  Grum (D:8)
  Menkaure (D:7)
  10 water moccasins
  4 porcupines
  4 ice beasts
  5 orc warriors
  A black bear (D:10)
  3 phantoms
  4 ogres
  3 sky beasts
  6 necrophages (Lair:5)
  14 wolves
  8 centaurs
  8 crocodiles
  A big kobold (D:10)
  13 bullfrogs
  A gnoll sergeant (D:6)
  2 wyvern skeletons
  7 scorpions
  25 killer bees
  2 howler monkeys
  An electric eel (D:9)
  3 crimson imps
  A centaur zombie (D:7)
  2 jellies
  2 orc priests (D:7)
  5 hounds
  A bullfrog skeleton (D:8)
  A centaur skeleton (D:9)
  11 orc wizards
  3 iguanas
  A hell rat (Lair:2)
  6 worker ants
  A killer bee zombie (D:8)
  A hound zombie (D:8)
  2 hound skeletons
  A killer bee simulacrum (D:9)
  2 worker ant zombies
  7 gnolls
  11 adders
  2 shadow imps
  3 white imps (D:9)
  A worker ant simulacrum (D:9)
  5 ufetubi (D:9)
  An ooze (D:2)
  An adder skeleton (D:4)
  3 worms
  3 dart slugs
  5 leopard geckos
  37 orcs
  4 bats
  8 giant cockroaches
  10 goblins
  9 hobgoblins
  18 jackals
  18 kobolds
  7 quokkas
  A ball python (D:1)
  4 frilled lizards
  A jackal skeleton (D:9)
  2 rats
  4 fungi
412 creatures vanquished.

Vanquished Creatures (collateral kills)
  An ogre (D:10)
1 creature vanquished.

Vanquished Creatures (others)
  4 hydras (Lair:4)
  3 oklob plants (Lair:4)
  An orc warrior (D:9)
  A centaur (D:8)
  A bullfrog skeleton (D:6)
  An orc (D:6)
  7 fungi
  15 plants
  2 starspawn tentacles (Abyss:1)
35 creatures vanquished.

Grand Total: 448 creatures vanquished

Notes
Turn   | Place    | Note
-------+----------+-------------------------------------------
     0 | Abyss:1  | Gargoyl the Centaur Abyssal Knight began the quest for the Orb.
     0 | Abyss:1  | Reached XP level 1. HP: 19/19 MP: 2/2
    57 | Abyss:1  | Found a corrupted altar of Lugonu.
    82 | Abyss:1  | Found a corrupted altar of Lugonu.
   118 | Abyss:1  | Found a corrupted altar of Lugonu.
   262 | Abyss:1  | Noticed a tentacled starspawn
   306 | Abyss:1  | Noticed a starcursed mass
   427 | Abyss:2  | Noticed a small abomination
   468 | Abyss:4  | Noticed a golden eye
   468 | Abyss:4  | Noticed a thrashing horror
   468 | Abyss:4  | Noticed a large abomination
   469 | D:1      | Escaped the Abyss
   683 | D:1      | Reached * piety under Lugonu
   683 | D:1      | Reached XP level 2. HP: 21/26 MP: 3/3
  1324 | D:2      | Reached XP level 3. HP: 16/31 MP: 5/5
  1643 | D:2      | Gained mutation: You are covered in fur. (AC +1) [potion of mutation]
  1643 | D:2      | Gained mutation: You are dopey. (Int -2) [potion of mutation]
  1643 | D:2      | Gained mutation: You are partially covered in rugged brown scales. (AC +1, +3% HP) [potion of mutation]
  1670 | D:2      | Reached XP level 4. HP: 29/39 MP: 6/6
  2181 | D:2      | Found an iron altar of Okawaru.
  2198 | D:2      | Reached ** piety under Lugonu
  2319 | D:2      | Found a shattered altar of Ashenzari.
  2981 | D:3      | Reached XP level 5. HP: 31/46 MP: 7/7
  3601 | D:4      | Found a staircase to the Ecumenical Temple.
  3697 | D:4      | Reached XP level 6. HP: 26/52 MP: 8/8
  3704 | D:4      | Reached *** piety under Lugonu
  3969 | D:4      | Noticed SlightEye's ghost (novice OpAs)
  4000 | D:4      | Killed SlightEye's ghost
  4000 | D:4      | Reached skill level 1 in Dodging
  4000 | D:4      | Reached XP level 7. HP: 44/59 MP: 8/10
  4831 | D:4      | Found a white marble altar of Elyvilon.
  4833 | D:4      | Found a shadowy altar of Dithmenos.
  4873 | D:5      | Entered Level 5 of the Dungeon
  5304 | D:5      | Reached skill level 5 in Axes
  5304 | D:5      | Reached XP level 8. HP: 51/67 MP: 11/11
  5458 | D:5      | Noticed Sigmund
  5472 | D:5      | Killed Sigmund
  5472 | D:5      | Reached skill level 1 in Shields
  5509 | D:5      | Reached skill level 5 in Invocations
  5850 | D:6      | Reached skill level 5 in Armour
  6105 | D:6      | Reached **** piety under Lugonu
  6443 | D:6      | Noticed AAA992's ghost (novice HOMo)
  6444 | D:6      | Noticed Pikel
  6481 | D:6      | Killed AAA992's ghost
  6481 | D:6      | Reached XP level 9. HP: 57/75 MP: 11/13
  6520 | D:7      | Killed Pikel
  6520 | D:7      | Reached skill level 5 in Fighting
  8075 | D:7      | Noticed Menkaure
  8655 | D:7      | Found Tacsel's Gadget Shoppe.
  8660 | D:7      | Reached XP level 10. HP: 83/83 MP: 15/15
  8969 | D:7      | Killed Menkaure
  9242 | D:8      | Noticed Grum
  9251 | D:8      | Killed Grum
  9434 | D:8      | Noticed a two-headed ogre
  9446 | D:8      | Noticed Joseph
  9451 | D:8      | Killed a two-headed ogre
  9475 | D:8      | Killed Joseph
 10184 | D:8      | Noticed a two-headed ogre
 10184 | D:8      | Reached ***** piety under Lugonu
 10188 | D:8      | Reached skill level 1 in Throwing
 10464 | D:8      | Killed a two-headed ogre
 10641 | D:8      | Noticed Erica
 10695 | D:8      | Killed Erica
 11039 | D:8      | Noticed an ice statue
 11089 | D:8      | Found a sacrificial altar of Ru.
 11909 | D:9      | Reached XP level 11. HP: 86/93 MP: 16/16
 12722 | D:9      | Found a burning altar of Makhleb.
 14231 | D:9      | Paralysed by a hornet for 2 turns
 15190 | D:10     | Entered Level 10 of the Dungeon
 15497 | D:10     | Found Xeaj's Antique Armour Emporium.
 16285 | D:10     | Found a staircase to the Lair.
 16424 | Lair:1   | Entered Level 1 of the Lair of Beasts
 16450 | D:10     | HP: 4/94 [komodo dragon (17)]
 17116 | D:10     | Bought a shiny plate armour for 650 gold pieces
 17884 | Lair:1   | Reached XP level 12. HP: 75/104 MP: 18/18
 18394 | Lair:2   | Noticed Urug
 18441 | Lair:2   | Killed Urug
 18441 | Lair:2   | Reached skill level 10 in Axes
 19187 | Lair:2   | Lost mutation: You are covered in fur. (AC +1) [potion of mutation]
 19187 | Lair:2   | Lost mutation: You are dopey. (Int -2) [potion of mutation]
 19187 | Lair:2   | Lost mutation: You are partially covered in rugged brown scales. (AC +1, +3% HP) [potion of mutation]
 19187 | Lair:2   | Gained mutation: You expend magic power (3 MP) to strengthen your wands. [potion of mutation]
 19187 | Lair:2   | Gained mutation: You have a pair of small antennae on your head. [potion of mutation]
 19651 | Lair:2   | Lost mutation: You expend magic power (3 MP) to strengthen your wands. [potion of mutation]
 19651 | Lair:2   | Lost mutation: You have a pair of small antennae on your head. [potion of mutation]
 19651 | Lair:2   | Gained mutation: You are partially covered in molten scales. (AC +2) [potion of mutation]
 19651 | Lair:2   | Gained mutation: You are partially covered in thin metallic scales. (AC +2) [potion of mutation]
 19651 | Lair:2   | Gained mutation: Your spells are a little harder to cast, but a little more powerful. [potion of mutation]
 20017 | Lair:2   | Got a polished ring mail
 20028 | Lair:2   | Identified the +1 ring mail of Catatonia {Regen+ Str+5} (You found it on level 2 of the Lair of Beasts)
 20291 | Lair:3   | Found a staircase to the Swamp.
 20597 | Lair:3   | You fall through a shaft for 2 floors!
 20817 | Lair:4   | Noticed a four-headed hydra
 20818 | Lair:4   | Banished a four-headed hydra
 21173 | Lair:3   | Found a hole to the Spider Nest.
 21865 | Lair:4   | Noticed a seven-headed hydra
 21908 | Lair:4   | Banished a seven-headed hydra
 21908 | Lair:4   | Reached skill level 10 in Invocations
 22042 | Lair:4   | Noticed a five-headed hydra
 22044 | Lair:4   | Banished a five-headed hydra
 22061 | Lair:4   | Noticed a seven-headed hydra
 22063 | Lair:4   | Banished a seven-headed hydra
 22245 | Lair:4   | Noticed a catoblepas
 22267 | Lair:4   | Killed a catoblepas
 22267 | Lair:4   | Reached XP level 13. HP: 72/111 MP: 20/20
 22432 | Lair:4   | Reached skill level 10 in Armour
 22710 | Lair:5   | Noticed Kirke
 23023 | Lair:5   | Noticed Snorg
 23038 | Lair:5   | Killed Snorg
 23423 | Lair:5   | HP: 4/110 [harpy[Kirke] (4)]
 23423 | Lair:5   | Slain by a harpy

Skill      XL: |  1  2  3  4  5  6  7  8  9 10 11 12 13 |
---------------+----------------------------------------+-----
Axes           | 2 3 4 5 6 7 8 9 10 11 | 11.1
Armour         | 2 3 4 5 6 7 8 9 10 | 10.2
Invocations    | 3 4 5 6 7 9 10 11 | 11.2
Dodging        | 1 2 3 |  3.0
Fighting       | 4 5 6 7 9 |  9.1
Shields        | 1 2 3 |  3.4
Throwing       | 1 2 |  2.8
Evocations     | |  0.1

Action                   |  1- 3 |  4- 6 |  7- 9 | 10-12 | 13-15 || total
-------------------------+-------+-------+-------+-------+-------++-------
Melee: Hand axe          |    97 |   253 |   388 |  1134 |   146 ||  2018
       Kick              |    10 |    46 |   113 |   313 |    61 ||   543
Throw: Tomahawk          |       |       |     7 |    25 |     3 ||    35
Invok: Depart the Abyss  |     1 |       |       |       |       ||     1
       Banish            |       |       |       |    13 |     5 ||    18
       Bend Space        |       |       |       |     1 |       ||     1
Evoke: Wand              |       |       |       |     3 |       ||     3
       Box of beasts     |       |       |       |     1 |       ||     1
  Use: Scroll            |    10 |     5 |     4 |    13 |       ||    32
       Potion            |     3 |       |     4 |    13 |       ||    20
 Stab: Invisible         |       |       |       |     5 |       ||     5
       Distracted        |       |       |       |     1 |       ||     1
  Eat: Chunk             |     1 |     7 |    14 |    27 |       ||    49
       Ration            |       |       |       |     5 |     1 ||     6
Armor: Chain mail        |   125 |   234 |   296 |   497 |       ||  1152
       Leather armour    |     1 |       |       |       |       ||     1
       Skin              |       |       |       |    61 |       ||    61
       Plate armour      |       |       |       |   486 |   155 ||   641
Dodge: Dodged            |     5 |    22 |    37 |   164 |    26 ||   254
Block: Buckler           |    14 |    30 |    50 |   227 |    34 ||   355
